Map: Coda LE

Players

Nerchio - Winner!

  • Race: Zerg Zerg
  • Spawn Location: 11:00

Zervas

  • Race: Zerg Zerg
  • Spawn Location: 5:00

Event: LycanGTV LotV Beta Tournament 1

VOD

Have the link to the VOD?

Description

Time

  • Played on: April 2, 2015, 3:33 p.m.
  • Length: 6:53

All games in this series

Show
View Real Time Build Order
Export as new Build Order

Nerchio Zerg - Winner!

Build Orders: Hatch First 

Get SALT Encoding   

  12  0:01  Drone  
  13  0:12  Overlord  
  13  0:17  Drone  
  14  0:31  Drone x2  
  14  0:34  Drone  
  17  0:45  Drone  
  18  0:55  Hatchery  
  17  0:58  Drone  
  17  1:03  Extractor  
  17  1:14  Spawning Pool  
  17  1:18  Drone  
  17  1:21  Drone  
  18  1:28  Drone  
  19  1:38  Overlord  
  19  1:53  Drone  
  20  2:01  Zergling x2, Queen  
  21  2:03  Metabolic Boost  
  23  2:09  Queen  
  23  2:12  Drone  
  27  2:15  Drone  
  27  2:19  Drone  
  28  2:23  Drone  
  29  2:32  Baneling Nest, Drone  
  29  2:35  Drone  
  30  2:40  Drone  
  32  2:44  Drone  
  32  2:55  Overlord  
  33  3:12  Zergling x2  
  33  3:13  Zergling x6  
  33  3:14  Zergling x8  
  33  3:16  Overlord, Drone x2  
  33  3:17  Drone  
  33  3:18  Baneling x2  
  43  3:23  Drone  
  44  3:33  Queen  
  46  3:35  Overlord, Drone  
  46  3:36  Drone  
  48  3:41  Overlord, Baneling x2  
  48  3:43  Drone  
  48  3:45  Drone  
  50  3:49  Drone, Extractor  
  43  4:02  Drone x4  
  46  4:06  Drone x3, Roach Warren  
  48  4:20  Zergling x2  
  48  4:22  Zergling x2  
  48  4:24  Hatchery, Zergling x2  
  49  4:25  Zergling x2  
  49  4:27  Zergling x2  
  49  4:30  Zergling x4  
  54  4:32  Zergling x2  
  54  4:34  Zergling x2  
  56  4:42  Overlord  
  56  4:48  Roach x4  
  56  4:49  Roach  
  66  4:53  Roach  
  66  4:59  Overlord, Baneling x2  
  66  5:02  Roach x3  
  71  5:08  Drone x3  
  71  5:09  Drone  
  71  5:12  Extractor  
  74  5:16  Drone x2  
  76  5:26  Ravager x4  
  76  5:28  Zergling x8  
  81  5:29  Overlord  
  81  5:34  Overlord  
  84  5:36  Zergling x2  
  84  5:37  Zergling x2  
  84  5:39  Ravager  
  84  5:40  Zergling x2  
  84  5:41  Baneling  
  84  5:42  Baneling  
  88  5:49  Zergling x16  
  94  5:58  Zergling x6  
  90  6:06  Roach  
  90  6:07  Roach  
  91  6:11  Evolution Chamber  
  91  6:17  Roach  
  91  6:18  Roach x2  
  91  6:28  Drone x3  
  91  6:31  Drone x2  
  90  6:39  Drone x3  
  89  6:40  Drone x6  
  89  6:44  Evolution Chamber  
Show
View Real Time Build Order
Export as new Build Order

Zervas Zerg 

Build Orders: Hatch First 

Get SALT Encoding   

  12  0:01  Drone  
  13  0:14  Overlord  
  13  0:18  Drone  
  14  0:33  Drone x2  
  16  0:36  Drone  
  17  0:50  Drone  
  18  0:57  Hatchery  
  18  1:01  Drone  
  18  1:03  Extractor  
  17  1:16  Spawning Pool  
  16  1:19  Drone  
  16  1:22  Drone  
  18  1:30  Drone  
  19  1:44  Drone  
  20  1:51  Drone  
  21  2:03  Drone  
  21  2:07  Metabolic Boost  
  21  2:08  Queen  
  22  2:09  Queen  
  22  2:11  Overlord  
  22  2:14  Zergling x2  
  27  2:20  Drone  
  28  2:30  Drone  
  28  2:33  Drone  
  28  2:35  Overlord  
  30  2:42  Drone  
  31  2:44  Drone  
  31  2:49  Queen  
  34  2:52  Baneling Nest  
  34  2:53  Drone  
  34  2:56  Drone  
  35  3:04  Drone  
  36  3:13  Drone  
  36  3:17  Overlord  
  36  3:18  Drone x2  
  39  3:21  Drone x3  
  39  3:22  Drone  
  39  3:23  Zergling x2  
  44  3:29  Overlord  
  44  3:36  Drone x2  
  44  3:37  Drone  
  44  3:38  Baneling x2  
  47  3:41  Extractor  
  47  3:44  Zergling x4  
  47  3:46  Evolution Chamber, Baneling  
  46  4:02  Drone x4  
  50  4:05  Extractor  
  50  4:07  Drone  
  50  4:08  Drone x3  
  53  4:14  Overlord  
  53  4:18  Hatchery, Baneling x2  
  53  4:23  Lair, Drone  
  53  4:26  Zergling x6  
  56  4:36  Zerg Missile Weapons Level 1  
  56  4:37  Roach Warren  
  56  4:38  Drone x2  
  57  4:48  Overlord  
  57  4:50  Zergling x8  
  61  4:57  Zergling x2  
  61  4:58  Zergling x4  
  60  5:08  Baneling x2  
  60  5:13  Overlord  
  60  5:14  Overlord x2  
  60  5:20  Drone  
  60  5:21  Drone x3, Extractor  
  64  5:22  Roach  
  64  5:23  Roach x2  
  64  5:27  Roach  
  64  5:28  Spine Crawler  
  70  5:33  Roach x2  
  74  5:39  Roach  
  76  5:43  Overlord  
  76  5:45  Roach x3  
  76  5:47  Baneling x3  
  82  5:53  Roach x2  
  81  6:00  Roach x3  
  81  6:02  Zergling x4  
  78  6:06  Zergling x4  
  78  6:08  Roach  
  71  6:11  Zergling x2  
  71  6:12  Zergling x4  
  70  6:19  Roach x2  
  70  6:23  Zergling x6  
  75  6:30  Roach  

Tags
 
Add a new tag
Caveats
  • Supply blocks, unpowered buildings, or Contaminate may cause inaccurate times.
  • Supply counts are checked every 10 seconds.